 Dungeon Crawl Stone Soup version 0.31-a0-188-g5e087ee2ca (webtiles) character file.

Game seed: 15479484091673600618

48 qw the Shooter (level 3, -2/20 HPs)
             Began as a Deep Elf Hunter on June 23, 2023.
             Slain by a jackal (3 damage)
             ... on level 2 of the Dungeon.
             The game lasted 00:00:33 (1420 turns).

qw the Shooter (Deep Elf Hunter)                    Turns: 1420, Time: 00:00:33

Health: -2/20      AC:  8    Str: 10    XL:     3   Next: 50%
Magic:  5/5        EV: 11    Int: 13    God:
Gold:   57         SH:  0    Dex: 18    Spells: 2/2 levels left

rFire   . . .        Y - +0 shortbow
rCold   . . .        (shield currently unavailable)
rNeg    . . .        a - +0 ring mail
rPois   .            (no helmet)
rElec   .            (no cloak)
rCorr   .            (no gloves)
SInv    .            e - +2 pair of boots
Will    .....        (no amulet)
Stlth   +            (no ring)
HPRegen 0.23/turn    (no ring)
MPRegen 0.09/turn

%: no passive effects
@: no status effects
A: no striking features
a: no special abilities


You were on level 2 of the Dungeon.
You visited 1 branch of the dungeon, and saw 3 of its levels.

You collected 57 gold pieces.


   Skills:
 - Level 1.5 Fighting
 + Level 7.0 Ranged Weapons
 - Level 2.4 Dodging
 - Level 1.2 Stealth


You had 2 spell levels left.
You didn't know any spells.
Your spell library was empty.

Inventory:

Hand Weapons
 Y - a +0 shortbow (weapon)
Armour
 a - a +0 ring mail (worn)
 e - a +2 pair of boots (worn)
Jewellery
 f - a ring of ice
Potions
 d - a potion of attraction {unknown}

Dungeon Overview and Level Annotations

Branches:
Dungeon (3/15)

Altars:


Message History

The jackal bites you. x2; The orc closely misses you.
The jackal bites you but does no damage.
The jackal barely misses you.
The jackal bites you but does no damage.
You shoot an arrow. The arrow hits the orc.
The orc is severely wounded.
The jackal bites you but does no damage. x3
The orc hits you but does no damage. The jackal bites you.
You shoot an arrow. The arrow hits the orc.
You kill the orc!
The jackal closely misses you. The jackal barely misses you. x2
The jackal bites you.
The jackal bites you but does no damage.
The jackal bites you.
You shoot an arrow.
The arrow hits the jackal but does no damage.
The jackal bites you.
The jackal bites you but does no damage.
The jackal misses you.
The jackal bites you but does no damage.
The jackal closely misses you. x2; The jackal barely misses you.
The jackal bites you but does no damage.
You shoot an arrow. The arrow hits the jackal.
The jackal is lightly wounded.
The jackal bites you but does no damage.
The jackal bites you. The jackal barely misses you.
The jackal closely misses you. The jackal misses you.
You shoot an arrow. The arrow closely misses the jackal.
The jackal bites you.
The jackal bites you but does no damage.
The jackal barely misses you. The jackal closely misses you.
The jackal bites you but does no damage.
The jackal barely misses you. The jackal closely misses you.
You shoot an arrow. The arrow barely misses the jackal.
The jackal bites you. The jackal closely misses you. x3
The jackal barely misses you.
The jackal bites you but does no damage. x3
You shoot an arrow. The arrow completely misses the jackal.
The jackal bites you.
You die...

#.....# #.# #......##.### #.....#
###+###......#..... ....#.##
#............#....[
....#..########.......###........
......................# #.##.....
....#####....##.......# #.##.....
....# ####.#####....# #.##.....
....# ###..###h.#### #.###...#
....# #.....h@h#######.# #####
##### #.######h........# # #.#
#.######### # #.# #.# ## #.# #.#
.# #.# #.# .# #.######.# .#
#[.......# ## ##########


You could see 4 jackals.

Vanquished Creatures
  A worm (D:2)
  3 orcs
  A ball python (D:1)
  3 bats (D:2)
  6 endoplasms
  2 giant cockroaches
  4 goblins (D:1)
  4 hobgoblins (D:1)
  4 kobolds
  A quokka (D:1)
  5 frilled lizards
  5 rats
39 creatures vanquished.

Notes
Turn   | Place    | Note
-------+----------+-------------------------------------------
     0 | D:1      | qw the Deep Elf Hunter began the quest for the Orb.
     0 | D:1      | Reached XP level 1. HP: 12/12 MP: 3/3
     0 | D:1      | 0 ||| qw: Version: 0.3-a-9-g12657ce
     0 | D:1      | 0 ||| qw: Game counter: 3587
     0 | D:1      | 0 ||| qw: Always use a shield: true
     0 | D:1      | 0 ||| qw: God list: Okawaru
     0 | D:1      | 0 ||| qw: Allow faded altars: false
     0 | D:1      | 0 ||| qw: Do Orc after D:15 true
     0 | D:1      | 0 ||| qw: Do second Lair branch before Depths: true
     0 | D:1      | 0 ||| qw: Lair rune preference: random
     0 | D:1      | 0 ||| qw: Plans: Normal
     0 | D:1      | 0 ||| PLANNING D:1-11
   162 | D:1      | Reached XP level 2. HP: 16/16 MP: 4/4
   198 | D:1      | Reached skill level 6 in Ranged Weapons
   399 | D:1      | 399 ||| FLEEEEING.
   401 | D:1      | 401 ||| FLEEEEING.
   402 | D:1      | 402 ||| FLEEEEING.
   403 | D:1      | 403 ||| FLEEEEING.
   404 | D:1      | 404 ||| FLEEEEING.
   405 | D:1      | 405 ||| FLEEEEING.
   406 | D:1      | 406 ||| FLEEEEING.
   407 | D:1      | 407 ||| FLEEEEING.
   408 | D:1      | 408 ||| FLEEEEING.
   409 | D:1      | 409 ||| FLEEEEING.
   410 | D:1      | 410 ||| FLEEEEING.
   411 | D:1      | 411 ||| FLEEEEING.
   797 | D:1      | 797 ||| READING scroll labelled ROFUNITUKA.
   798 | D:1      | 798 ||| READING scroll labelled TIUJIA JIUSTROI.
   799 | D:1      | 799 ||| READING scroll labelled UFUARU UTWITOP.
   800 | D:1      | 800 ||| DROPPING scroll of butterflies.
   865 | D:2      | Reached XP level 3. HP: 20/20 MP: 5/5
  1344 | D:2      | 1344 ||| UPGRADING to +0 ring mail.
  1354 | D:2      | 1354 ||| DROPPING +0 leather armour.
  1355 | D:2      | 1355 ||| UPGRADING to +2 pair of boots.
  1360 | D:2      | 1360 ||| READING scroll labelled WAPUFUOKIL.
  1361 | D:2      | 1361 ||| READING scroll labelled ZUKLAC TIURECI.
  1362 | D:2      | 1362 ||| READING scroll labelled GAOXUO VANU.
  1378 | D:3      | Reached skill level 7 in Ranged Weapons
  1379 | D:3      | 1379 ||| STAIRDANCE
  1411 | D:3      | 1411 ||| STAIRDANCE
  1416 | D:2      | HP: 4/20 [jackal (2)]
  1419 | D:2      | HP: 1/20 [jackal (1)]
  1420 | D:2      | Slain by a jackal

Levels and vault maps discovered:
D:1:      lightli_arrival_farm, layout_basic
D:2:      layout_basic
D:3:      layout_rooms, mainiacjoe_overflow_boulevard, uniq_crazy_yiuf_cottage

Skill      XL: |  1  2  3 |
---------------+----------+-----
Ranged Weapons | 6 7 |  7.0
Fighting       | |  1.5
Dodging        | |  2.4
Stealth        | |  1.2

Action                     || total
---------------------------++-------
   Fire: Shortbow          ||   116
    Use: Scroll            ||     6
 Armour: Leather armour    ||     8
         Ring mail         ||    25
  Dodge: Dodged            ||    48

Table legend:
 A = Non-vault XP
 B = Vault XP
 C = Vault XP percentage of total XP
 D = Non-vault monster count
 E = Vault monster count
 F = Vault count percentage of total count
                 A         B        C        D         E       F
            +---------+---------+-------+---------+---------+-------
      Total |      69 |       0 |   0.0 |      39 |       0 |   0.0
            +---------+---------+-------+---------+---------+-------
        D:1 |      38 |       0 |   0.0 |      24 |       0 |   0.0
        D:2 |      28 |       0 |   0.0 |      14 |       0 |   0.0
        D:3 |       3 |       0 |   0.0 |       1 |       0 |   0.0
            +---------+---------+-------+---------+---------+-------
